 Dungeon Crawl Stone Soup version 0.28.0-53-g5a82cb258f (webtiles) character file.

Game seed: 2616627581291396309

107199 cbfl8 the Executioner (level 15, -4/145 HPs)
             Began as a Minotaur Berserker on Nov 15, 2022.
             Was the Champion of Trog.
             Slain by a culicivora (23 damage)
             ... on level 1 of the Spider Nest on Nov 16, 2022.
             The game lasted 01:02:54 (31062 turns).

cbfl8 the Executioner (Minotaur Berserker)         Turns: 31062, Time: 01:02:55

Health: -4/145     AC: 19    Str: 28    XL:     15   Next: 99%
Magic:  14/14      EV: 17    Int:  4    God:    Trog [******]
Gold:   1742       SH:  5    Dex: 17    Spells: 14/14 levels left

rFire   . . .      SeeInvis .   x - +6 battleaxe "Orhil" {flame, Will+}
rCold   . . .      Faith    .   (shield currently unavailable)
rNeg    . . .      Spirit   .   R - +4 scale mail of Grand Brilliance {Regen+ Stlth+}
rPois   +          Reflect  +   r - +2 hat {Will+}
rElec   .          Harm     .   G - +0 cloak
rCorr   +          Rampage  .   k - +0 pair of gloves
Will    +++..                   C - +0 pair of boots
Stlth   ++........              T - amulet of reflection
HPRegen 1.14/turn               S - +4 ring of slaying
MPRegen 0.14/turn               a - ring of Anowkui {rPois rCorr Str+6}

@: lethally poisoned (-4 -> -9), on berserk cooldown, slowed, very slow
A: horns 2, retaliatory headbutt
a: Renounce Religion, Berserk, Trog's Hand, Brothers in Arms


You were on level 1 of the Spider Nest.
You worshipped Trog.
Trog was exalted by your worship.
You visited 4 branches of the dungeon, and saw 24 of its levels.
You also visited: Ossuary and Volcano.

You collected 2695 gold pieces.
You spent 953 gold pieces at shops.

Inventory:

Hand Weapons
 x - the +6 battleaxe "Orhil" (weapon) {flame, Will+}
   (Trog gifted it to you on level 7 of the Dungeon)

   It burns those it strikes, dealing additional fire damage.
   Big, fiery blades are also staple armaments of hydra-hunters.
   Will:      It increases your willpower.
 Q - a +3 broad axe of flaming
 V - the +7 executioner's axe of Dissolution {antimagic, Str-2 Dex+5}
   (Trog gifted it to you on level 2 of the Orcish Mines)

   It reduces the magical energy of the wielder, and disrupts the spells and
   magical abilities of those it strikes.
   Natural abilities and divine invocations are not affected.
   Str:       It affects your strength (-2).
   Dex:       It affects your dexterity (+5).
Missiles
 I - a throwing net
Armour
 k - a +0 pair of gloves (worn)
 r - a +2 hat of willpower (worn)
 C - a +0 pair of boots (worn)
 G - a +0 cloak (worn)
 R - the +4 scale mail of Grand Brilliance (worn) {Regen+ Stlth+}
   (You found it on level 14 of the Dungeon)

   Regen:     It increases your rate of health regeneration.
   Stlth:     It makes you more stealthy.
 X - the +5 scale mail of a ziggurat {rElec Dex+4 Slay+3}
   (You found it on level 6 of the Lair of Beasts)

   Dex:       It affects your dexterity (+4).
   Slay:      It affects your accuracy & damage with ranged weapons and melee
   (+3).
   rElec:     It insulates you from electricity.
Jewellery
 a - the ring of Anowkui (right hand) {rPois rCorr Str+6}
   (You bought it in a shop on level 2 of the Orcish Mines)

   [ring of resist corrosion]

   Str:       It affects your strength (+6).
   rPois:     It protects you from poison.
   rCorr:     It protects you from acid and corrosion.
 B - a +6 ring of dexterity
 S - a +4 ring of slaying (left hand)
 T - an amulet of reflection (around neck)
Wands
 v - a wand of digging (3) (quivered)
 y - a wand of paralysis (8)
 F - a wand of flame (31)
 L - a wand of iceblast (5)
 O - a wand of acid (14)
Scrolls
 g - 2 scrolls of holy word
 h - 4 scrolls of blinking
 m - 5 scrolls of enchant weapon
 t - 9 scrolls of teleportation
 u - 4 scrolls of fog
 w - a scroll of enchant armour
 D - 3 scrolls of immolation
 E - 2 scrolls of magic mapping
 H - 2 scrolls of fear
 N - a scroll of brand weapon
 U - a scroll of noise
 Y - a scroll of silence
Potions
 b - 8 potions of haste
 c - 5 potions of heal wounds
 d - 7 potions of curing
 e - 4 potions of invisibility
 j - a potion of brilliance {unknown}
 n - 4 potions of attraction {unknown}
 o - 3 potions of might
 p - 5 potions of lignification
 q - a potion of flight {unknown}
 s - 9 potions of ambrosia
 z - a potion of cancellation {unknown}
 J - a potion of mutation {unknown}
 W - a potion of resistance {unknown}
Miscellaneous
 f - a box of beasts
 i - a box of beasts
 M - a piece from Xom's chessboard (15/15)


   Skills:
 * Level 16.7 Fighting
 * Level 22.4 Axes
 + Level 11.3 Armour
 * Level 11.4 Dodging
 + Level 3.0 Stealth
 + Level 2.9 Shields
 * Level 9.1 Evocations


You had 14 spell levels left.
You didn't know any spells.
Your spell library was empty.

Dungeon Overview and Level Annotations

Branches:
Dungeon (15/15)            Temple (0/1) D:6            Lair (6/6) D:8
 Shoals (0/4) Lair:4       Spider (1/4) Lair:3        Slime (0/5) Lair:6
    Orc (2/2) D:10            Elf (0/3) Orc:2        Vaults (0/5) D:14
 Depths (0/4) D:15        Ossuary (visited)         Volcano (visited)

Altars:
Ashenzari
Cheibriados
Fedhas
Hepliaklqana
Kikubaaqudgha
Nemelex Xobeh
Qazlal
Sif Muna
Vehumet
Beogh

Shops:
D:7 *   D:15 ?   Orc:2 =!!(

Portals:
Trove: D:15 (give +5 demon whip)

Annotations:
D:3 2 transporters, jjjjhere's ghost, amateur OgFE


Innate Abilities, Weirdness & Mutations

You have a pair of horns on your head.
You reflexively headbutt those who attack you in melee.


Message History

You are caught in a web!
Unknown command.
You are caught in a web!
The web tears apart.
The culicivora completely misses you.
You slice the moth of wrath!! You burn the moth of wrath.
You headbutt the moth of wrath!
You kill the moth of wrath!
Trog accepts your kill.
You barely miss the jorogumo. You barely miss the culicivora.
You hear an angry hiss.
The culicivora bites you!!
The culicivora draws strength from your injuries!
The jorogumo casts a spell at you.
The stream of webbing hits you but does no damage.
You are caught in a web!
You struggle to detach yourself from the web.
The culicivora bites you.
The culicivora draws strength from your injuries!
The culicivora bites you!
The culicivora draws strength from your injuries!
The jorogumo completely misses you.
A wolf spider comes into view.
You struggle to detach yourself from the web.
You feel a strong urge to attack something.
The culicivora bites you!!
* * * LOW HITPOINT WARNING * * *
The culicivora draws strength from your injuries!
The broodmother summons a spider!
The jorogumo hits you.
* * * LOW HITPOINT WARNING * * *
You are poisoned.
The web tears apart.
You feel very sick. The culicivora misses you. The culicivora bites you!
* * * LOW HITPOINT WARNING * * *
The culicivora draws strength from your injuries!
The broodmother summons spiders!
You feel your anger nearly subside.
You are no longer berserk.
You are exhausted.
You feel yourself slow down.
You feel sick. The culicivora bites you!!
You die...

#^<......#....###
##.#........#...##
######.......##..#.###
#....#..#^...........#
...^.....#.......#.....
.#..#..........#.#..#..
#>....#.####.†#.......
.....#..#.....#.....#
......#.###...@#†...#
#....... ##..Hs†.s.#
#....... #..ss†s.##
#...............s.....
#.......#...#.##^...
#(..#.........s s..
.........##. ..
.....?... .. ?
......... ..


You could see a broodmother, a jorogumo, a wolf spider, a culicivora (berserk),
a jumping spider (summoned), a tarantella and 3 redbacks.

Vanquished Creatures
  Rupert (Lair:3)
  Kirke (D:12)
  Gastronok (D:10)
  A dire elephant (Lair:6)
  An entropy weaver (Spider:1)
  An ettin (Orc:2)
  A fire dragon (Lair:6)
  A vault guard (D:15)
  12 hydras
  Fannar (D:10)
  2 boulder beetles
  Erolcha (Orc:2)
  A catoblepas (Lair:4)
  A centaur warrior (D:15)
  3 ogre magi
  5 two-headed ogres
  2 tengu warriors (D:14)
  3 deep elf knights (D:15)
  A hell knight (Volcano)
  A skeletal warrior (D:15)
  Nergalle (Lair:3)
  A steelbarb worm (Lair:3)
  An orb spider (Spider:1)
  A deep elf archer (D:14)
  A necromancer (D:15)
  A lindwurm (Lair:6)
  A tengu zombie (D:15)
  A sphinx zombie (D:15)
  Pikel (D:6)
  2 deep elf pyromancers
  4 orc knights
  10 cyclopes
  A phantasmal warrior (D:15)
  11 orc sorcerers
  2 wolf spiders (Spider:1)
  10 ugly things (D:14)
  2 fire giant zombies (D:15)
  6 manticores
  18 elephants
  A moth of wrath (Spider:1)
  A guardian serpent (shapeshifter) (D:13)
  8 black mambas
  5 molten gargoyles
  A gargoyle (D:11)
  Maggie (Lair:1)
  3 rime drakes
  2 unseen horrors (D:11)
  14 komodo dragons
  8 cane toads
  9 kobold demonologists
  An efreet (D:14)
  A guardian mummy (D:15)
  A polar bear (Lair:6)
  A queen bee (Lair:1)
  10 trolls
  A hornet (shapeshifter) (D:13)
  A hornet (Lair:3)
  4 blink frogs (Lair:6)
  3 tarantellas (Spider:1)
  8 slime creatures
  4 jumping spiders (Spider:1)
  Sigmund (D:5)
  2 shadows
  A culicivora (shapeshifter) (D:14)
  A vampire (D:13)
  13 wyverns
  A hog (shapeshifter) (D:14)
  Eustachio (D:5)
  4 wraiths
  38 yaks
  Grum (Lair:1)
  8 basilisks
  2 fire bats (Volcano)
  12 humans (D:14)
  2 culicivoras (Spider:1)
  4 hogs (D:12)
  5 redbacks (Spider:1)
  3 steam dragons
  A vampire mosquito (D:11)
  Edmund (D:5)
  5 wargs
  Duvessa (D:6)
  3 acid dragons
  15 water moccasins
  4 hell hounds (Lair:6)
  30 orc warriors
  A hornet zombie (D:9)
  A black bear (D:8)
  An ice beast (D:6)
  2 sky beasts
  13 wolves
  9 centaurs
  14 ogres
  An ogre (shapeshifter) (D:14)
  A lemure (D:6)
  8 kobold brigands
  An elf zombie (Ossuary)
  13 bullfrogs
  Blork the orc (D:6)
  A gnoll sergeant (D:13)
  3 scorpions
  A wyvern zombie (D:7)
  Dowan (D:6)
  19 killer bees (Lair:1)
  7 electric eels
  6 howler monkeys
  5 centaur zombies
  A bullfrog zombie (D:6)
  A human zombie (Ossuary)
  A jelly (D:7)
  12 lava snakes
  2 hounds
  21 orc priests
  A centaur skeleton (D:6)
  A gnoll shaman (D:5)
  A hell rat (Lair:3)
  3 iguanas
  38 orc wizards
  A killer bee zombie (D:7)
  2 hound zombies (Ossuary)
  3 mummies (Ossuary)
  A howler monkey zombie (D:9)
  16 gnolls
  6 adders
  2 white imps (D:6)
  4 ufetubi
  A worm (D:3)
  3 dart slugs
  96 orcs
  8 ball pythons
  8 endoplasms
  2 gnoll zombies (Ossuary)
  10 goblins
  6 hobgoblins
  16 jackals
  3 quokkas (D:2)
  3 bats (D:1)
  3 frilled lizards
  3 goblin zombies (Ossuary)
  2 hobgoblin zombies (Ossuary)
  8 jackal zombies (Ossuary)
  35 kobolds
  4 kobold zombies (Ossuary)
  2 orc zombies (Ossuary)
  7 quokka zombies (Ossuary)
  6 rats
  3 rat zombies (Ossuary)
818 creatures vanquished.

Vanquished Creatures (others)
  A komodo dragon (Lair:6)
  An orc wizard (Orc:2)
  A bush (Lair:6)
  27 fungi
  63 plants
  13 withered plants (D:15)
106 creatures vanquished.

Grand Total: 924 creatures vanquished

Notes
Turn   | Place    | Note
-------+----------+-------------------------------------------
     0 | D:1      | cbfl8 the Minotaur Berserker began the quest for the Orb.
     0 | D:1      | Reached XP level 1. HP: 19/19 MP: 0/0
   384 | D:1      | Reached XP level 2. HP: 24/27 MP: 1/1
   576 | D:1      | Reached skill level 4 in Axes
   810 | D:2      | Reached ** piety under Trog
   916 | D:2      | Reached XP level 3. HP: 29/33 MP: 2/2
  1868 | D:3      | Reached XP level 4. HP: 41/41 MP: 3/3
  1988 | D:3      | Found a transporter.
  1990 | D:3      | Noticed jjjjhere's ghost (amateur OgFE)
  2397 | D:3      | Found a stormy altar of Qazlal.
  2533 | D:3      | Found a transporter.
  2734 | D:4      | Reached skill level 5 in Axes
  2738 | D:4      | Reached *** piety under Trog
  2891 | D:4      | Noticed a bullfrog
  2892 | D:4      | Reached skill level 1 in Evocations
  2892 | D:4      | Reached XP level 5. HP: 47/47 MP: 4/4
  2913 | D:4      | Reached skill level 6 in Axes
  2915 | D:4      | Reached XP level 6. HP: 51/55 MP: 5/5
  3194 | D:4      | Found a snail-covered altar of Cheibriados.
  3274 | D:4      | Reached skill level 5 in Fighting
  3447 | D:4      | Reached skill level 7 in Axes
  3447 | D:4      | Reached XP level 7. HP: 40/61 MP: 6/6
  3863 | D:5      | Entered Level 5 of the Dungeon
  4321 | D:5      | Reached skill level 8 in Axes
  4506 | D:5      | Found a broken altar of Ashenzari.
  4624 | D:5      | Noticed Sigmund
  4640 | D:5      | Killed Sigmund
  4641 | D:5      | Reached XP level 8. HP: 63/70 MP: 7/7
  4812 | D:5      | Noticed Eustachio
  4825 | D:5      | Killed Eustachio
  4826 | D:5      | Reached skill level 9 in Axes
  5226 | D:5      | Noticed Edmund
  5241 | D:5      | Killed Edmund
  5538 | D:5      | Reached **** piety under Trog
  5892 | D:6      | Found a staircase to the Ecumenical Temple.
  5906 | D:6      | Reached skill level 5 in Armour
  5906 | D:6      | Reached skill level 5 in Dodging
  5946 | D:6      | Reached skill level 10 in Axes
  6189 | D:6      | Noticed Pikel
  6198 | D:6      | Killed Pikel
  6199 | D:6      | Reached XP level 9. HP: 79/79 MP: 8/8
  6417 | D:6      | Noticed Dowan
  6417 | D:6      | Noticed Duvessa
  6423 | D:6      | Killed Dowan
  6425 | D:6      | Killed Duvessa
  6426 | D:6      | Reached skill level 11 in Axes
  6494 | D:6      | Noticed Blork the orc
  6510 | D:6      | Killed Blork the orc
  7121 | D:6      | Identified the +2 spear "Moaptyon" {pain, *Noise rN++
                  | Stlth+}
  7416 | D:7      | Found a sand-covered staircase.
  7421 | Ossuary  | Entered an ossuary
  7487 | Ossuary  | Reached ***** piety under Trog
  7862 | D:7      | Found Direbb's CLEARANCE SALE!.
  7887 | D:7      | Identified the +6 battleaxe "Orhil" {flame, Will+} (Trog
                  | gifted it to you on level 7 of the Dungeon)
  7887 | D:7      | Received a gift from Trog
  8620 | D:7      | Reached skill level 12 in Axes
  8621 | D:7      | You fall into a shaft and drop 1 floor!
  8745 | D:7      | Found a sparkling altar of Nemelex Xobeh.
  9368 | D:8      | Reached XP level 10. HP: 87/88 MP: 9/9
  9608 | D:8      | Found a staircase to the Lair.
  9608 | D:8      | Noticed an elephant
  9961 | D:8      | Killed an elephant
  9962 | D:8      | Reached skill level 13 in Axes
 11095 | D:9      | Received a gift from Trog
 11149 | D:9      | Reached skill level 14 in Axes
 11173 | D:9      | Reached XP level 11. HP: 96/97 MP: 10/10
 11498 | D:9      | Reached skill level 5 in Evocations
 11537 | D:10     | Entered Level 10 of the Dungeon
 11537 | D:10     | Found a hazy altar of Hepliaklqana.
 11700 | D:10     | Noticed Fannar
 11707 | D:10     | Killed Fannar
 11746 | D:10     | Found a staircase to the Orcish Mines.
 11812 | D:10     | Noticed Gastronok
 11831 | D:10     | Killed Gastronok
 12090 | D:10     | Reached skill level 10 in Fighting
 12345 | D:10     | Found a blossoming altar of Fedhas.
 12553 | D:10     | Reached skill level 15 in Axes
 13047 | D:11     | Noticed a soul eater
 13254 | D:11     | Noticed a two-headed ogre
 14124 | D:11     | Reached XP level 12. HP: 82/108 MP: 11/11
 14128 | D:11     | Killed a two-headed ogre
 14129 | D:11     | Reached skill level 16 in Axes
 14440 | D:12     | Noticed Kirke
 14445 | D:12     | Received a gift from Trog
 14451 | D:12     | Killed Kirke
 15391 | D:13     | Noticed a four-headed hydra
 15397 | D:13     | Killed a one-headed hydra
 15420 | D:13     | Reached skill level 17 in Axes
 15724 | D:13     | Noticed a boulder beetle
 15733 | D:13     | Killed a boulder beetle
 15802 | D:13     | Found a shimmering blue altar of Sif Muna.
 16448 | D:14     | Noticed a four-headed hydra
 16448 | D:14     | Noticed a tengu warrior
 16448 | D:14     | Noticed an ogre mage
 16448 | D:14     | Noticed a boulder beetle
 16577 | D:14     | Noticed a seven-headed hydra
 16583 | D:14     | Killed a five-headed hydra
 16774 | D:14     | Received a gift from Trog
 16798 | D:14     | Reached XP level 13. HP: 56/118 MP: 12/12
 16891 | D:14     | Reached skill level 18 in Axes
 17473 | D:14     | Identified the +4 scale mail of Grand Brilliance {Regen+
                  | Stlth+}
 18007 | D:14     | Reached skill level 10 in Armour
 18014 | D:14     | Reached skill level 19 in Axes
 18017 | D:14     | Reached skill level 1 in Stealth
 18019 | D:14     | Found a gate to the Vaults.
 18185 | D:15     | Entered Level 15 of the Dungeon
 18589 | D:15     | Found Zaadopin's Magic Scroll Boutique.
 18595 | D:15     | Bought a scroll of teleportation for 36 gold pieces
 18596 | D:15     | Bought a scroll of identify for 24 gold pieces
 18596 | D:15     | Bought a scroll of identify for 24 gold pieces
 18596 | D:15     | Bought a scroll of identify for 24 gold pieces
 18596 | D:15     | Bought a scroll of identify for 24 gold pieces
 18850 | D:15     | Found a staircase to the Depths.
 18872 | D:15     | Received a gift from Trog
 18892 | D:15     | Reached skill level 1 in Shields
 18892 | D:15     | Reached XP level 14. HP: 34/129 MP: 13/13
 19345 | D:15     | Found a portal to a secret trove of treasure.
 19629 | D:15     | Reached skill level 10 in Dodging
 19838 | D:15     | Found a broken altar of Ashenzari.
 20056 | Orc:1    | Entered Level 1 of the Orcish Mines
 20072 | Orc:1    | Reached skill level 20 in Axes
 20422 | Orc:2    | Entered Level 2 of the Orcish Mines
 20422 | Orc:2    | Found a staircase to the Elven Halls.
 20772 | Orc:1    | Received a gift from Trog
 21628 | Orc:2    | Found Zekkaf's Jewellery Shoppe.
 21667 | Orc:2    | Found a radiant altar of Vehumet.
 21667 | Orc:2    | Noticed Erolcha
 21670 | Orc:2    | Reached ****** piety under Trog
 21679 | Orc:2    | Found Kathieq's Distillery.
 21689 | Orc:2    | Killed Erolcha
 21706 | Orc:2    | Found an ancient bone altar of Kikubaaqudgha.
 21711 | Orc:2    | Identified the +7 executioner's axe of Dissolution
                  | {antimagic, Str-2 Dex+5} (Trog gifted it to you on level 2
                  | of the Orcish Mines)
 21711 | Orc:2    | Received a gift from Trog
 21797 | Orc:2    | Bought a potion of lignification for 33 gold pieces
 21797 | Orc:2    | Bought a potion of might for 44 gold pieces
 21930 | Orc:2    | Found Zukiemem's Antique Weapon Shoppe.
 21930 | Orc:2    | Found Tedanwaph's Distillery.
 22446 | Lair:1   | Entered Level 1 of the Lair of Beasts
 22650 | Lair:1   | Noticed Maggie
 22656 | Lair:1   | Killed Maggie
 22709 | Lair:1   | Found a dark tunnel.
 22715 | Volcano  | Entered a volcano
 23168 | Volcano  | Found a bloodstained altar of Trog.
 23176 | Volcano  | Reached skill level 21 in Axes
 23351 | Lair:1   | Noticed Grum
 23364 | Lair:1   | Killed Grum
 23813 | Lair:1   | Reached skill level 15 in Fighting
 24098 | Lair:1   | Received a gift from Trog
 24209 | Lair:1   | Reached XP level 15. HP: 138/141 MP: 14/14
 26070 | Lair:3   | Noticed Nergalle
 26086 | Lair:3   | Killed Nergalle
 26294 | Lair:3   | Found a hole to the Spider Nest.
 26776 | Lair:4   | Found a staircase to the Shoals.
 26842 | Lair:4   | Received a gift from Trog
 28424 | Lair:6   | Entered Level 6 of the Lair of Beasts
 28461 | Lair:6   | Identified the +5 scale mail of a ziggurat {rElec Dex+4
                  | Slay+3}
 28485 | Lair:6   | Reached skill level 22 in Axes
 28868 | Lair:6   | Found a staircase to the Slime Pits.
 29236 | Lair:6   | Found a large runed translucent door.
 29236 | Lair:6   | Found a large runed translucent door.
 30351 | Orc:2    | Bought the ring of Anowkui {rPois rCorr Str+6} for 744 gold
                  | pieces
 30653 | Spider:1 | Entered Level 1 of the Spider Nest
 30660 | Spider:1 | Noticed Rupert
 30943 | Lair:3   | Killed Rupert
 31052 | Spider:1 | Received a gift from Trog
 31062 | Spider:1 | Slain by a culicivora

Illustrated notes

Levels and vault maps discovered:
D:1:      nagdon_arrival_double_spiral, layout_loops_ring
D:2:      layout_basic
D:3:      layout_basic, mainiacjoe_overflow_alcove_4, gammafunk_ghost_mausoleum,
          columned_hall_lemuel, minmay_misc_feat_encased,
          kennysheep_generic_room_13
D:4:      layout_basic, kennysheep_slug_shrine
D:5:      layout_gridville, amcnicky_altar_gilded, uniq_edmund, uniq_sigmund,
          uniq_eustachio
D:6:      layout_basic, minmay_temple_entry_mist, minmay_misc_feat_tiny,
          uniq_duvessa, uniq_pikel, uniq_blork_the_orc
D:7:      layout_basic, marbit_many_paths, enter_ossuary_5,
          nicolae_shop_clearance
D:8:      layout_basic, david_lair_generic, water_boxes_lemuel
D:9:      layout_long_grid, minmay_crystal_room, lightli_corner_chamber
D:10:     layout_loops_ring, mainiacjoe_overflow_catwalk_spiral,
          david_orc_1_choice, uniq_gastronok, uniq_fannar
D:11:     layout_irregular_city, serial_park_tiny_1,
          onia_ninara_dug_in_and_dangerous
D:12:     layout_loops_ring, special_room [special_room_orc], uniq_kirke
D:13:     layout_roguey, kennysheep_orc_sif_temple
D:14:     minmay_ambush_box, layout_gridville, ximxim_vaults_locker_room,
          grunt_ministairs_1
D:15:     gammafunk_depths_entry_grave, layout_loops_corners, serial_shops,
          nicolae_shop_stone, enter_trove_5, nicolae_ashenzari_skybound
Lair:1:   layout_layer_cave, special_room [special_room_bee], enter_volcano_4,
          grunt_megastairs_2, wad_woods_river_01, serial_bayou_shore_a,
          uniq_grum, uniq_maggie
Lair:2:   layout_cave_pods, lemuel_fruit_tree
Lair:3:   layout_long_grid, dummy_spider_entry, wad_woods_river_02,
          minivault_25, serial_bayou_lagoon_a, uniq_nergalle
Lair:4:   layout_long_grid, minmay_shoals_entry_centaurs, serial_bayou_shore_b
Lair:5:   layout_regular_city
Lair:6:   cheibrodos_lair_end_hotspot, layout_regular_city, slime_dummy
Spider:1: layout_spider_delve, uniq_rupert, uniq_donald
Orc:1:    minmay_goldmine, layout_diamond_mine
Orc:2:    kennysheep_orc_mage_school, layout_diamond_mine, nicolae_orc_lava_tube

Skill      XL: |  1  2  3  4  5  6  7  8  9 10 11 12 13 14 15 |
---------------+----------------------------------------------+-----
Fighting       | 4 5 7 8 9 10 12 13 15 16 | 16.7
Axes           | 4 5 6 7 8 10 12 14 15 17 19 21 22 | 22.4
Dodging        | 3 4 5 6 7 8 9 10 11 | 11.4
Evocations     | 1 2 3 4 5 6 7 8 9 |  9.1
Armour         | 3 4 5 6 7 8 9 10 11 | 11.3
Stealth        | 1 3 |  3.0
Shields        | 1 2 |  2.9

Action                   |  1- 3 |  4- 6 |  7- 9 | 10-12 | 13-15 || total
-------------------------+-------+-------+-------+-------+-------++-------
Melee: Hand axe          |    67 |   132 |   339 |       |       ||   538
       Headbutt          |    13 |    25 |    77 |    78 |   186 ||   379
       Punch             |       |     1 |     6 |       |       ||     7
       Battleaxe         |       |       |    24 |   378 |   699 ||  1101
       Executioner's axe |       |       |       |       |    91 ||    91
Invok: Berserk           |       |       |     5 |     6 |     9 ||    20
Evoke: Wand              |       |       |       |    16 |     5 ||    21
  Use: Scroll            |       |       |       |    11 |    14 ||    25
       Potion            |       |       |       |     2 |       ||     2
 Stab: Sleeping          |     1 |       |       |       |    10 ||    11
       Paralysed         |       |       |       |       |     1 ||     1
       Distracted        |       |       |       |       |     1 ||     1
Armor: Animal skin       |     4 |       |       |       |       ||     4
       Leather armour    |    11 |    10 |       |       |       ||    21
       Chain mail        |       |    62 |   161 |   172 |       ||   395
       Plate armour      |       |       |       |    34 |    29 ||    63
       Scale mail        |       |       |       |       |   223 ||   223
Dodge: Dodged            |    51 |    81 |   157 |   176 |   507 ||   972
Block: Other             |       |       |       |       |    99 ||    99
       Reflection        |       |       |       |       |     5 ||     5
